 Dungeon Crawl Stone Soup version 0.31-a0-479-g91c9547826 (webtiles) character file.

Game seed: 6729759684675727620

61 Morbidden the Conjurer (level 4, 0/21 HPs)
             Began as a Vine Stalker Conjurer on Aug 7, 2023.
             Slain by a gnoll
             ... wielding a +0 spear
              (6 damage)
             ... on level 2 of the Dungeon.
             The game lasted 00:01:13 (1827 turns).

Morbidden the Conjurer (Vine Stalker Conjurer)      Turns: 1827, Time: 00:01:13

Health: 0/21       AC:  3    Str: 10    XL:     4   Next: 7%
Magic:  0/8        EV: 11    Int: 20    God:
Gold:   63         SH:  0    Dex: 12    Spells: 5/8 levels left

rFire   . . .        a - +0 dagger
rCold   . . .        (no shield)
rNeg    . . .        d - +0 leather armour
rPois   .            (no helmet)
rElec   .            (no cloak)
rCorr   .            (no gloves)
SInv    .            (no boots)
Will    .....        (no amulet)
Stlth   ++           (no ring)
HPRegen 1.03/turn    (no ring)
MPRegen 0.11/turn

%: guardian spirit
@: no status effects
A: fangs 2, regeneration 1, magic shield, antimagic bite, no potion heal 2
a: no special abilities


You were on level 2 of the Dungeon.
You visited 1 branch of the dungeon, and saw 2 of its levels.

You collected 63 gold pieces.

Inventory:

Hand Weapons
 a - a +0 dagger (weapon)
Armour
 d - a +0 leather armour (worn)
Scrolls
 g - 3 scrolls of identify {unknown}
 i - a scroll of enchant weapon {unknown}
Potions
 c - a potion of mutation {unknown}
 e - 2 potions of heal wounds {unknown}
 f - 3 potions of curing {unknown}
 h - a potion of might {unknown}


   Skills:
 * Level 0.7 Fighting
 * Level 0.9 Short Blades
 + Level 0.2 Armour
 * Level 1.7 Dodging
 + Level 3.1 Stealth
 * Level 2.5 Spellcasting
 * Level 4.6 Conjurations


You had 5 spell levels left.
You knew the following spells:

 Your Spells              Type           Power      Damage    Failure   Level
a - Magic Dart            Conj           84%        1d7       3%          1
b - Searing Ray           Conj           42%        2d6       4%          2

Your spell library contained the following spells:

 Spells                   Type           Power      Damage    Failure   Level
 Dazzling Flash           Conj/Hex       22%        N/A       24%         3
 Ensorcelled Hibernation  Hex/Ice        4%         N/A       30%         2
 Passwall                 Tmut/Erth      1%         N/A       30%         2
 Swiftness                Air            2%         N/A       52%         3
 Fulminant Prism          Conj/Hex       5%         3d6       61%         4
 Iskenderun's Mystic Bla  Conj/Tloc      11%        2d4       61%         4


Dungeon Overview and Level Annotations

Branches:
Dungeon (2/15)

Altars:


Innate Abilities, Weirdness & Mutations

You have extremely sharp teeth.
Your natural rate of healing is unusually fast.
When hurt, damage is shared between your health and your magic reserves.
Your bite disrupts and absorbs the magic of your enemies.
Potions cannot restore your health.


Message History

Casting: Magic Dart (safe; 3% risk of failure)
Confirm with . or Enter, or press ? or * to list all spells.
Aiming: Searing Ray (safe; 4% risk of failure)
Press: ? - help, Shift-Dir - straight line, f/p - gnoll
Aim: a gnoll, wielding a +0 spear (heavily wounded, 81% to hit)
The searing ray hits the gnoll.
The gnoll is almost dead. (Press . to maintain the ray.)
The gnoll hits you with a +0 spear.
* * * LOW HITPOINT WARNING * * *
Without enough magic to sustain it, your searing ray dissipates.
The gnoll hits you but does no damage.
Unknown command.
Unknown command.
Magic courses through your body. The gnoll closely misses you.
Unknown command.
Casting: Searing Ray (safe; 4% risk of failure)
Confirm with . or Enter, or press ? or * to list all spells.
Aiming: Searing Ray (safe; 4% risk of failure)
Press: ? - help, Shift-Dir - straight line, f/p - gnoll
Aim: a gnoll, wielding a +0 spear (almost dead, 81% to hit)
The searing ray hits the gnoll.
You kill the gnoll! (Press . to maintain the ray.)
Your Stealth skill increases to level 3!
You have reached level 4!
You feel stronger.
You begin to heal more quickly.
Unknown command.
Unknown command.
The searing ray misses the gnoll. x2; The gnoll closely misses you.
Unknown command.
Unknown command.
Unknown command.
The searing ray hits the gnoll!
The gnoll is severely wounded.
The searing ray hits the gnoll!
The gnoll is severely wounded.
The gnoll hits you from afar with a +0 spear!
You die...

#...##.......####.####
#.####...........<...#
##............###.###.#
#.........##..#...#...#
#.............#.###.###
#............##.....#
#.........## #######
#........<###########.#
#............gg@......#
#.........#############
#.......>....#
#.........##....
####.g........#.
#g########.# #.# #....#
.........


You could see 2 gnolls.

Vanquished Creatures
  A gnoll (D:2)
  4 endoplasms
  6 hobgoblins
  4 jackals (D:1)
  4 quokkas
  5 ball pythons (D:1)
  4 bats (D:1)
  4 frilled lizards (D:1)
  6 goblins
  6 kobolds (D:1)
  3 rats
47 creatures vanquished.

Notes
Turn   | Place    | Note
-------+----------+-------------------------------------------
     0 | D:1      | Morbidden the Vine Stalker Conjurer began the quest for the
                  | Orb.
     0 | D:1      | Reached XP level 1. HP: 9/9 MP: 4/4
   220 | D:1      | Reached XP level 2. HP: 13/13 MP: 3/6
   610 | D:1      | Reached XP level 3. HP: 17/17 MP: 3/7
   613 | D:1      | Learned a level 2 spell: Searing Ray
  1826 | D:2      | Gained mutation: Your natural rate of healing is unusually
                  | fast. [Vine Stalker growth]
  1826 | D:2      | Reached XP level 4. HP: 4/21 MP: 5/8
  1827 | D:2      | Slain by a gnoll

Illustrated notes

Levels and vault maps discovered:
D:1:      saegor_arrival_simple_b, layout_loops_corners, minmay_nonomino_d4
D:2:      layout_basic, dilly_ecumenical_altar_fadedgnrine,
          roderic_roman_lattice

Skill      XL: |  1  2  3 |
---------------+----------+-----
Stealth        | 3 |  3.1
Fighting       | |  0.7
Short Blades   | |  0.9
Armour         | |  0.2
Dodging        | |  1.7
Spellcasting   | |  2.5
Conjurations   | |  4.6

Action                     |  1- 3 |  4- 6 || total
---------------------------+-------+-------++-------
  Melee: Unarmed           |     3 |       ||     3
         Dagger            |    23 |       ||    23
         Bite              |     3 |       ||     3
   Cast: Magic Dart        |    77 |       ||    77
         Searing Ray       |     2 |       ||     2
    Use: Potion            |     1 |       ||     1
 Armour: Robe              |     1 |       ||     1
         Leather armour    |    18 |       ||    18
  Dodge: Dodged            |    32 |     1 ||    33

Table legend: (Time is in decaauts)
 A = Elapsed time spent in this place.
 B = Non-inter-level travel time spent in this place.
 C = Inter-level travel time spent in this place.
 D = Time resting spent in this place.
 E = Time spent auto-exploring this place.
 F = Levels seen in this place.
 G = Mean time per level.
                   A        B        C        D        E       F      G
               +--------+--------+--------+--------+--------+-----+--------+
         Total |   1826 |   1776 |     50 |      0 |   1550 |   2 |  913.0 |
       Dungeon |   1826 |   1776 |     50 |      0 |   1550 |   2 |  913.0 |
               +--------+--------+--------+--------+--------+-----+--------+

Top non-repeatable levels by time:
     D:1: 1544 daAuts
     D:2: 281 daAuts
